 Dungeon Crawl Stone Soup version 0.28-a0-1387-g3a22ab9bdc (webtiles) character file.

Game seed: 8778909981378871803

681081 frimble the Slayer (level 27, -21/233 HPs)
             Began as a Demonspawn Warper on Jan 3, 2022.
             Was a High Priest of Cheibriados.
             Succumbed to an emperor scorpion's poison
             ... on level 20 of a ziggurat.
             The game lasted 02:04:12 (62158 turns).

frimble the Slayer (Demonspawn Warper)             Turns: 62158, Time: 02:04:13

Health: -21/233    AC: 22    Str: 28      XL:     27
Magic:  14/33      EV: 17    Int: 50 (53) God:    Cheibriados [*****.]
Gold:   6627       SH: 22    Dex: 32      Spells: 8/46 levels left

rFire   + . .      SeeInvis .   a - +8 autumn katana {vorpal, manifold assault}
rCold   + + .      Faith    .   P - +5 kite shield {reflect}
rNeg    . . .      Spirit   .   F - +4 chain mail of Elyvilon's Regard {Regen+ Str+2 Stlth+}
rPois   .          Reflect  +   V - +2 helmet {Int+3}
rElec   .          Harm     .   O - +0 cloak {rC+}
rCorr   +          Rampage  .   A - +2 pair of gloves
Will    ++++.                   (boots unavailable)
Stlth   +++++++...              e - amulet of magic regeneration
HPRegen 5.28/turn               X - ring "Jemonk" {rF+ rCorr Int+6}
MPRegen 0.63/turn               D - ring "Ubbon" {Drain rC+ Int+4 Slay+4}

@: lethally poisoned (-21 -> -129), very slightly contaminated, slowed, studying
5 skills, very slow
A: hooves 3, thin skeletal structure 3, demonic guardian 3, hurl damnation,
powered by death 3, torment resistance 1, demonic willpower, deformed body, low
mp 1, strong-willed 1, wild magic 1, MP-powered wands, noise suppression
}: 3/15 runes: decaying, silver, gossamer
a: Hurl Damnation, Renounce Religion, Bend Time, Temporal Distortion, Slouch,
Step From Time


You were on level 20 of a ziggurat.
You worshipped Cheibriados.
Cheibriados was extremely pleased with you.
You visited 11 branches of the dungeon, and saw 51 of its levels.
You visited the Abyss 1 time.
You visited 1 ziggurat, and saw 20 of its levels.
You also visited: Trove, Ossuary, Gauntlet and Ice Cave.

You collected 8689 gold pieces.
You spent 2062 gold pieces at shops.

Inventory:

Hand Weapons
 a - the +8 autumn katana (weapon) {vorpal, manifold assault}
   (You found it on level 5 of the Vaults)

   It sometimes launches melee attacks against multiple visible enemies.
Missiles
 y - 4 throwing nets
 U - 7 silver boomerangs (quivered)
 W - a boomerang of dispersal
Armour
 A - a +2 pair of gloves (worn)
 F - the +4 chain mail of Elyvilon's Regard (worn) {Regen+ Str+2 Stlth+}
   (You found it on level 9 of a ziggurat)

   Str:       It affects your strength (+2).
   Regen:     It increases your rate of health regeneration.
   Stlth:     It makes you more stealthy.
 O - a +0 cloak of cold resistance (worn)
 P - a +5 kite shield of reflection (worn)
 R - a +5 kite shield of protection
 V - a +2 helmet of intelligence (worn)
Jewellery
 e - an amulet of magic regeneration (around neck)
 p - the ring of Lust {Wiz Will+ MP+9 Stlth+}
   (You found it in a treasure trove)

   [ring of wizardry]

   It improves your spell success rate.
   MP:        It affects your magic capacity (+9).
   Will:      It increases your willpower.
   Stlth:     It makes you more stealthy.
 D - the ring "Ubbon" (right hand) {Drain rC+ Int+4 Slay+4}
   (You found it in a treasure trove)

   [ring of slaying]

   Int:       It affects your intelligence (+4).
   Slay:      It affects your accuracy & damage with ranged weapons and melee
   (+4).
   rC:        It protects you from cold.
   Drain:     It drains your maximum health when unequipped.
 E - a ring of see invisible
 I - the ring of Hoenliwi {rCorr Int+7}
   (You found it on level 10 of a ziggurat)

   [ring of resist corrosion]

   Int:       It affects your intelligence (+7).
   rCorr:     It protects you from acid and corrosion.
 J - the ring "Quvi" {+Blink rF+ Will+ Str+2 Dex+3}
   (You found it in a treasure trove)

   [ring of willpower]

   Str:       It affects your strength (+2).
   Dex:       It affects your dexterity (+3).
   rF:        It protects you from fire.
   +Blink:    It lets you blink.
   Will:      It increases your willpower.
 X - the ring "Jemonk" (left hand) {rF+ rCorr Int+6}
   (You took it off a minotaur in a Gauntlet)

   [ring of protection from fire]

   Int:       It affects your intelligence (+6).
   rF:        It protects you from fire.
   rCorr:     It protects you from acid and corrosion.
Wands
 d - a wand of iceblast (54)
 f - a wand of acid (13)
 j - a wand of digging (3)
Scrolls
 c - 15 scrolls of magic mapping
 l - 2 scrolls of summoning
 q - 44 scrolls of identify
 r - 25 scrolls of teleportation
 v - 11 scrolls of fog
 x - 2 scrolls of vulnerability
 z - 10 scrolls of enchant weapon
 C - 7 scrolls of amnesia
 G - a scroll of brand weapon
 L - 2 scrolls of silence
 T - 2 scrolls of enchant armour
 Y - 6 scrolls of immolation
Potions
 b - 2 potions of invisibility
 g - 22 potions of curing
 h - 2 potions of brilliance
 i - 18 potions of flight
 k - 8 potions of might
 m - 2 potions of heal wounds
 n - 5 potions of resistance
 o - 3 potions of berserk rage
 s - 7 potions of haste
 u - 3 potions of magic
 w - 10 potions of ambrosia
 B - 13 potions of mutation
 H - 6 potions of attraction
 M - 3 potions of cancellation
 N - 12 potions of lignification
Miscellaneous
 t - a phantom mirror
 K - a box of beasts
 Q - a tin of tremorstones (1/2)
 Z - a condenser vane (inert)


   Skills:
 - Level 22.5 Fighting
 - Level 10.0(12.7) Short Blades
 - Level 12.6(14.0) Long Blades
 - Level 14.3 Throwing
 - Level 14.3 Armour
 - Level 8.2 Dodging
 - Level 11.0 Stealth
 - Level 15.0 Shields
 - Level 10.0 Spellcasting
 - Level 6.0 Conjurations
 - Level 16.2 Necromancy
 - Level 5.2 Translocations
 + Level 15.3 Transmutations
 + Level 16.6 Fire Magic
 - Level 5.0 Ice Magic
 - Level 16.1 Earth Magic
 - Level 19.0 Invocations
 - Level 10.0 Evocations


You had 8 spell levels left.
You knew the following spells:

 Your Spells              Type           Power      Damage    Failure   Level
a - Blink                 Tloc           100%       N/A       1%          2
b - Statue Form           Tmut/Erth      84%        N/A       1%          6
c - Frozen Ramparts       Ice            100%       1d12      2%          3
d - Irradiate             Conj/Tmut      53%        3d31      2%          5
e - Passage of Golubria   Tloc           79%        N/A       6%          4
f - Ignition              Fire           64%        3d17      30%         8
g - Passwall              Tmut/Erth      100%       N/A       1%          2
h - Necromutation         Tmut/Necr      63%        N/A       41%         8

Your spell library contained the following spells:

 Spells                   Type           Power      Damage    Failure   Level
 Freeze                   Ice            100%       1d11      1%          1
 Magic Dart               Conj           100%       1d8       1%          1
 Shock                    Conj/Air       100%       1d9       1%          1
 Sting                    Tmut/Pois      100%       1d8       1%          1
 Corpse Rot               Necr/Air       100%       N/A       1%          2
 Searing Ray              Conj           100%       2d8       1%          2
 Sublimation of Blood     Necr           100%       N/A       1%          2
 Conjure Flame            Conj/Fire      100%       6-21      1%          3
 Ignite Poison            Fire/Tmut/Pois 100%       N/A       1%          3
 Inner Flame              Hex/Fire       96%        N/A       1%          3
 Spider Form              Tmut/Pois      93%        N/A       1%          3
 Stone Arrow              Conj/Erth      100%       3d13      1%          3
 Dispel Undead            Necr           100%       3d31      1%          4
 Flame Wave               Conj/Fire      100%       2d14      1%          4
 Ice Form                 Ice/Tmut       100%       N/A       1%          4
 Petrify                  Tmut/Erth      100%       N/A       1%          4
 Sticky Flame             Conj/Fire      100%       2d11      1%          4
 Agony                    Necr           100%       N/A       1%          5
 Borgnjor's Vile Clutch   Necr/Erth      63%        N/A       1%          5
 Fireball                 Conj/Fire      54%        3d21      1%          5
 Lee's Rapid Deconstruct  Erth           63%        3d30*     1%          5
 Static Discharge         Conj/Air       64%        N/A       2%          2
 Gell's Gravitas          Tloc           79%        N/A       2%          3
 Lesser Beckoning         Tloc           79%        N/A       2%          3
 Ozocubu's Armour         Ice            78%        N/A       2%          3
 Teleport Other           Tloc           79%        N/A       2%          3
 Animate Armour           Summ/Erth      100%       N/A       2%          4
 Leda's Liquefaction      Hex/Erth       47%        N/A       2%          4
 Ensorcelled Hibernation  Hex/Ice        100%       N/A       3%          2
 Summon Small Mammal      Summ           100%       N/A       5%          1
 Portal Projectile        Hex/Tloc       100%       N/A       5%          3
 Hailstorm                Conj/Ice       81%        3d16      5%          4
 Alistair's Intoxication  Tmut/Pois      62%        N/A       6%          5
 Yara's Violent Unravell  Hex/Tmut       46%        3d18      6%          5
 Mephitic Cloud           Conj/Pois/Air  55%        N/A       7%          3
 Poisonous Vapours        Pois/Air       64%        N/A       8%          2
 Starburst                Conj/Fire      54%        6d15      8%          6
 Simulacrum               Ice/Necr       53%        N/A       10%         6
 Iskenderun's Battlesphe  Conj           84%        2d13      12%         5
 Fulminant Prism          Conj/Hex       32%        3d16      13%         4
 Call Canine Familiar     Summ           32%        N/A       14%         3
 Confusing Touch          Hex            32%        N/A       14%         3
 Summon Guardian Golem    Hex/Summ       32%        N/A       14%         3
 Swiftness                Air            32%        N/A       14%         3
 Manifold Assault         Tloc           79%        N/A       14%         5
 Summon Ice Beast         Ice/Summ       60%        N/A       16%         4
 Freezing Cloud           Conj/Ice/Air   34%        6-21      28%         5
 Eringya's Noxious Bog    Tmut/Pois      46%        N/A       30%         6
 Lightning Bolt           Conj/Air       32%        1d49      34%         5
 Borgnjor's Revivificati  Necr           63%        N/A       34%         8
 Airstrike                Air            16%        N/A       38%         4
 Cause Fear               Hex            16%        N/A       38%         4
 Olgreb's Toxic Radiance  Pois           32%        N/A       38%         4
 Summon Lightning Spire   Summ/Air       32%        N/A       38%         4
 Metabolic Englaciation   Hex/Ice        30%        N/A       38%         5
 Summon Forest            Summ/Tloc      30%        N/A       38%         5
 Dispersal                Tloc           39%        N/A       58%         6
 Silence                  Hex/Air        16%        N/A       73%         5
 Summon Mana Viper        Hex/Summ       32%        N/A       73%         5
 Storm Form               Tmut/Air       46%        N/A       82%         7
 Conjure Ball Lightning   Conj/Air       32%        3x3d10    86%         6
 Orb of Destruction       Conj           42%        9d14      95%         7
 Lehudib's Crystal Spear  Conj/Erth      54%        10d13     95%         8
 Summon Cactus Giant      Summ           16%        N/A       99%         6
 Ozocubu's Refrigeration  Ice            39%        4d12      99%         7
 Enfeeble                 Hex            16%        N/A       100%        7
 Malign Gateway           Summ/Tloc      30%        N/A       100%        7
 Monstrous Menagerie      Summ           16%        N/A       100%        7
 Spellforged Servitor     Conj/Summ      32%        N/A       100%        7
 Discord                  Hex            16%        N/A       100%        8
 Maxwell's Capacitive Co  Air            16%        ∞         100%        8
 Summon Horrible Things   Summ           16%        N/A       100%        8
 Death's Door             Necr           63%        N/A       99%         9
 Shatter                  Erth           63%        3d47*     99%         9
 Chain Lightning          Conj/Air       32%        3d42      100%        9
 Fire Storm               Conj/Fire      54%        8d14      100%        9


Dungeon Overview and Level Annotations

Branches:
Dungeon (15/15)            Temple (1/1) D:6            Lair (6/6) D:8
  Swamp (4/4) Lair:3       Spider (4/4) Lair:2        Slime (0/5) Lair:6
    Orc (2/2) D:9             Elf (3/3) Orc:2        Vaults (5/5) D:13
  Crypt (3/3) Vaults:2       Tomb (0/3) Crypt:3      Depths (4/4) D:15
    Zot (4/5) Depths:4    Ossuary (visited)           IceCv (visited)
Gauntlet (visited)

Altars:
Ashenzari
Cheibriados
Dithmenos
Elyvilon
Fedhas
Gozag
Hepliaklqana
Kikubaaqudgha
Makhleb
Nemelex Xobeh
Okawaru
Qazlal
Ru
Sif Muna
Trog
Uskayaw
Vehumet
Wu Jian
Xom
Yredelemnul
Zin
The Shining One
Beogh
Jiyva
Lugonu

Shops:
D:8 *   D:15 :   Orc:2 *(:[   Elf:1 ((:[*   Elf:2 *   Vaults:3 ([*=
Vaults:4 ?   Vaults:5 *   Depths:2 **:[

Portals:
Hell: Depths:1 Depths:2 Depths:3 Depths:4
Abyss: Lair:6 Depths:2 Depths:3 Depths:4
Pandemonium: Depths:2 Depths:3

Annotations:
D:14 exclusion: orange crystal statue


Innate Abilities, Weirdness & Mutations

You have hooves in place of feet.
You have an unnaturally thin skeletal structure. (Dex +6, Stealth+++)
A powerful demonic guardian rushes to your aid.
You can hurl damnation.
You regenerate a lot of health from kills.
You are resistant to unholy torment.
You punish those that try to bend your will. (Will+)
Armour fits poorly on your strangely shaped body.
Your magical capacity is low. (-10% MP)
You are strong-willed. (Will+)
Your spells are a little harder to cast, but a little more powerful.
You expend magic power (3 MP) to strengthen your wands.
You passively dampen the noise of your surroundings.


Message History

The emperor scorpion claws you but does no damage. x2
The emperor scorpion stings you!
* * * LOW HITPOINT WARNING * * *
The emperor scorpion misses you.
The emperor scorpion closely misses you.
Your Brimstone Fiend hits the emperor scorpion!
Your Brimstone Fiend hits the emperor scorpion.
Your Brimstone Fiend hits the emperor scorpion but does no damage.
The emperor scorpion stings you.
* * * LOW HITPOINT WARNING * * *
The emperor scorpion misses you.
The emperor scorpion claws you but does no damage.
You block the emperor scorpion's attack.
The emperor scorpion misses you.
The emperor scorpion claws you but does no damage.
The emperor scorpion stings you!
* * * LOW HITPOINT WARNING * * *
You are more poisoned.
The emperor scorpion poisons you!
The emperor scorpion claws you but does no damage. x2
The emperor scorpion completely misses you.
The emperor scorpion barely misses you.
You block the emperor scorpion's attack. x2
The emperor scorpion misses you. x2
The royal mummy gestures wildly while chanting.
The emperor scorpion stings you.
* * * LOW HITPOINT WARNING * * *
You are more poisoned.
The emperor scorpion poisons you! The emperor scorpion claws you.
* * * LOW HITPOINT WARNING * * *
The emperor scorpion claws you but does no damage.
You step out of the flow of time.
You return to the normal time flow.
Cheibriados lowers the support of your attributes as your movement quickens.
* * * LOW HITPOINT WARNING * * *
You feel extremely sick.
Okay, then.
Unknown command.
You step out of the flow of time.
You return to the normal time flow.
Cheibriados lowers the support of your attributes as your movement quickens.
You die...

▓▓▓▓▓▓▓▓▓▓ ▓▓.........
▓▓.............▓▓
▓▓...............▓
▓▓.................
▓▓:.....MZ..........
▓▓:[Z................
▓M=|@................
▓∩?)?=...........BMBBs
▓$>):[[...........M9sMB
▓▓∩![!:...........ZsMBs
▓▓[)|:...........MsMss
▓▓!}........M...ZsMss
▓▓....M...M.....ssMs
▓▓............MMsss
...§...BBs▓


You could see a royal mummy (wandering), 3 mummies, an iron dragon skeleton
(wandering) and a titan skeleton (wandering).

Vanquished Creatures
  2 dread liches
  2 ancient liches
  A juggernaut (Depths:1)
  9 royal mummies
  Boris (Vaults:5)
  Saint Roka (Vaults:2)
  5 Killer Klowns
  Bai Suzhen (Elf:3)
  3 curse toes
  9 caustic shrikes
  5 pandemonium lords
  the Enchantress (Depths:2)
  Jory (Vaults:4)
  14 golden dragons
  The ghost of ReploidZero the Spry, an adept DjCj of Ashenzari (Depths:2)
  2 pearl dragons (Zig:9)
  The ghost of Wicel the Warrior, an adept MiBe of Trog (Elf:1)
  A bone dragon (Crypt:3)
  Arachne (Spider:3)
  An iron giant (shapeshifter) (Zig:17)
  An iron giant (Zig:11)
  3 hellephants (Zig:15)
  3 Hell Sentinels
  27 tentacled monstrosities
  A walking crystal tome (Depths:3)
  A walking divine tome (Depths:4)
  Rupert (Lair:5)
  4 deep elf blademasters
  4 liches
  2 searing wretches (Zig:3)
  A shard shrike skeleton (Crypt:1)
  7 titans
  2 deep elf master archers
  8 quicksilver dragons
  2 acid blobs (Zig:13)
  2 quicksilver dragons (shapeshifter)
  3 tentacled starspawn (Abyss:3)
  An ancient champion (Crypt:1)
  8 death cobs
  6 sphinxes
  Frances (Spider:1)
  The ghost of lunkers the Warrior, an adept MiCA of Ignis (Swamp:2)
  Gastronok (D:10)
  2 thorn hunters
  9 shadow dragons
  5 tengu reavers
  Agnes (Elf:1)
  An azure jelly (shapeshifter) (Zig:8)
  Roxanne (Spider:2)
  17 storm dragons
  Donald (Spider:1)
  5 draconian monks (Zot:4)
  4 azure jellies (Zig:13)
  The ghost of Urgle the Cruncher, an adept GnFi of Cheibriados (Spider:2)
  3 daevas (Zig:9)
  A fire giant (shapeshifter) (Zig:8)
  A fenstrider witch (Zig:18)
  A rockslime (Zig:13)
  11 fire giants
  11 draconian knights
  An iron dragon (Vaults:5)
  6 emperor scorpions
  8 frost giants
  A quicksilver elemental (Zig:11)
  6 deep elf sorcerers
  22 vault wardens
  A cacodemon (Zig:17)
  13 draconian scorchers
  A balrug (Depths:3)
  2 orc warlords
  Aizul (Spider:3)
  6 ghost moths
  4 deep elf elementalists (Elf:3)
  8 ghouls
  3 curse skulls
  4 broodmothers
  A stone giant (shapeshifter) (Zig:17)
  3 draconian shifters
  2 angels (Zig:9)
  A reaper (IceCv)
  17 ironbound preservers
  8 draconian annihilators
  32 very ugly things
  4 draconian stormcallers
  4 spriggan defenders
  2 quicksilver oozes (Zig:13)
  2 ophanim (Zig:9)
  7 war gargoyles
  2 bennus (Zig:20)
  20 stone giants
  7 vampire knights
  An apis (Zig:9)
  5 deep elf demonologists
  17 black draconians
  4 eleionomae
  8 green draconians
  13 red draconians
  6 deep elf annihilators
  The ghost of HallandMoats the End of an Era, a journeyman DsFi of Qazlal (D:14)
  11 ironbound thunderhulks
  4 dire elephants
  8 bunyips
  A minotaur (Gauntlet)
  18 purple draconians
  An entropy weaver (shapeshifter) (Zig:16)
  9 entropy weavers
  10 white draconians
  13 yellow draconians
  An iron golem (Zig:11)
  10 spark wasps
  14 jiangshi
  7 deep elf death magi
  6 ettins
  5 eidola
  12 green deaths
  2 quicksilver dragon zombies (Zig:20)
  5 fire dragons
  5 crystal guardians
  11 yaktaur captains
  9 mummy priests
  The ghost of Reubyar the Impaler, a journeyman MiBe of Trog (Lair:2)
  8 great orbs of eyes
  6 deep elf high priests
  Harold (D:8)
  3 rakshasas
  4 ice dragons
  A jorogumo (shapeshifter) (Zig:16)
  A radroach (Spider:4)
  A boulder beetle (shapeshifter) (Zig:16)
  37 hydras
  36 vault guards
  7 shambling mangroves
  9 boulder beetles
  2 peacekeepers
  10 spriggan air magi
  5 ogre magi (Vaults:5)
  A quicksilver dragon skeleton (Crypt:3)
  Erolcha (D:12)
  10 ironbound frosthearts
  5 jorogumos
  A spriggan skeleton (Crypt:1)
  12 centaur warriors
  Erica (D:10)
  An alligator snapping turtle (shapeshifter) (Zig:17)
  3 catoblepae
  5 ghost crabs
  The ghost of avis the Grappler, a novice HOMo of Beogh (D:8)
  2 death scarabs
  34 dancing weapons
  3 death knights
  14 alligators
  2 deep troll shamans (Depths:3)
  8 deep troll earth magi
  6 vampire magi
  8 two-headed ogres
  A two-headed ogre (shapeshifter) (Vaults:5)
  14 death yaks
  Urug (Orc:2)
  4 titan zombies
  12 hell knights
  4 thrashing horrors
  6 tengu warriors
  4 orc high priests
  Nergalle (Lair:4)
  17 spriggan berserkers
  A wretched star (Abyss:3)
  Sonja (Lair:5)
  20 deep elf knights
  4 soul eaters (Depths:3)
  A crystal echidna (Zig:11)
  4 pharaoh ants
  A spriggan rider (Depths:1)
  A titan skeleton (Zig:20)
  A sun moth (Spider:2)
  A fire crab (Lair:3)
  26 skeletal warriors
  2 iron trolls (Depths:3)
  A sixfirhy (Depths:2)
  9 goliath frogs
  A cherub (Zig:9)
  2 shadow wraiths
  14 orb spiders
  4 glowing orange brains
  4 death drakes
  35 deep trolls
  6 steelbarb worms
  12 wizards
  9 spriggan druids
  6 obsidian statues
  12 bog bodies
  2 lindwurms (shapeshifter)
  21 swamp dragons
  2 flayed ghosts
  An orange crystal statue (Zig:10)
  21 deep elf archers
  14 lindwurms
  5 phantasmal warriors
  13 harpies
  9 orc knights
  8 orc sorcerers
  13 necromancers
  35 deep elf zephyrmancers
  27 deep elf pyromancers
  A stone giant zombie (Crypt:2)
  19 ironbound convokers
  5 manticores
  A mana viper (shapeshifter) (Zig:16)
  5 cyclopes
  A shining eye (Zig:13)
  A wolf spider (shapeshifter) (Zig:16)
  9 will-o-the-wisps
  55 ugly things
  26 moths of wrath
  34 wolf spiders
  A manticore (shapeshifter) (Zig:8)
  A shadow dragon skeleton (Depths:1)
  A faun (shapeshifter) (Zig:16)
  A fire giant zombie (Crypt:1)
  13 elephants
  11 black mambas
  2 apocalypse crabs
  A black mamba (shapeshifter) (D:15)
  13 vault sentinels
  A cyclops (shapeshifter) (Depths:3)
  5 ice statues
  Joseph (D:8)
  9 torpor snails
  2 dire elephant zombies
  Maggie (D:6)
  22 cane toads
  A torpor snail (shapeshifter) (Depths:3)
  7 hellions
  A storm dragon simulacrum (Crypt:1)
  An unseen horror (D:11)
  5 rime drakes
  A spriggan zombie (Depths:1)
  39 yaktaurs
  An orange demon (Depths:2)
  2 anaconda simulacra (IceCv)
  12 demonic crawlers
  An alligator snapping turtle skeleton (Crypt:3)
  3 yaktaurs (shapeshifter)
  3 ancient zymes
  7 ice devils
  8 freezing wraiths
  4 tengu conjurers
  A tormentor (Zig:3)
  8 komodo dragons
  An efreet (D:13)
  10 guardian mummies
  A polar bear (shapeshifter) (Lair:6)
  A purple draconian skeleton (Crypt:1)
  An entropy weaver simulacrum (IceCv)
  3 hellwings
  A queen bee (Gauntlet)
  22 hornets
  4 polar bears
  34 blink frogs
  A bloated husk (Swamp:2)
  15 meliai
  A harpy zombie (Crypt:1)
  A tyrant leech (shapeshifter) (Depths:3)
  6 trolls
  A red devil (Abyss:3)
  20 tyrant leeches
  27 tarantellas
  2 harpy skeletons (Crypt:3)
  A tarantella (shapeshifter) (Lair:6)
  Prince Ribbit (D:6)
  A hydra skeleton (Crypt:3)
  Grinder (D:6)
  2 centaur simulacra
  A snapping turtle (shapeshifter) (Zig:17)
  14 dream sheep
  41 slime creatures
  7 shadows
  10 water elementals
  17 culicivoras
  A fire dragon skeleton (Crypt:3)
  38 jumping spiders
  5 air elementals
  14 spriggans
  5 wraiths
  A basilisk (shapeshifter) (Zig:8)
  3 ynoxinuls (Lair:6)
  Sigmund (D:6)
  39 flying skulls
  A vampire (D:11)
  6 wyverns
  A black mamba zombie (Crypt:3)
  63 redbacks
  54 yaks
  8 chaos spawn
  2 golden eyes (shapeshifter)
  6 ushabtiu
  9 large abominations
  2 fire elementals (Elf:1)
  12 basilisks
  5 golden eyes (Abyss:3)
  A steam dragon (D:8)
  Grum (D:8)
  3 neqoxecs
  15 vampire mosquitoes
  Menkaure (Ossuary)
  16 small abominations
  14 swamp worms
  4 wargs
  Duvessa (D:7)
  2 acid dragons
  17 water moccasins
  A floating eye (shapeshifter) (Vaults:5)
  A human skeleton (Depths:1)
  36 orc warriors
  10 swamp drakes
  A sky beast (D:7)
  A two-headed ogre skeleton (Crypt:1)
  2 ice beasts
  A meliai simulacrum (D:15)
  A black bear (D:5)
  A blink frog zombie (Crypt:2)
  A tengu (shapeshifter) (Vaults:5)
  14 boggarts
  12 ogres
  8 necrophages
  A manticore skeleton (Crypt:1)
  25 centaurs
  4 wolves
  A phantom (D:6)
  Blork the orc (D:6)
  3 kobold brigands
  A glowing shapeshifter simulacrum (Depths:1)
  16 bullfrogs
  A gnoll sergeant (D:10)
  7 earth elementals
  A two-headed ogre simulacrum (IceCv)
  2 water moccasin zombies (D:6)
  3 scorpions
  A tengu simulacrum (Depths:1)
  3 cane toad simulacra (IceCv)
  A water moccasin skeleton (D:6)
  Dowan (D:7)
  5 killer bees (Gauntlet)
  3 electric eels
  3 wights (D:8)
  A howler monkey (D:12)
  A wolf zombie (Crypt:2)
  7 centaur zombies
  7 jellies
  10 starcursed masses (Abyss:3)
  2 hounds (D:5)
  3 quasits (D:8)
  25 orc priests
  A gnoll shaman (Orc:2)
  2 iron imps (Abyss:3)
  2 centaur skeletons
  Ijyb (D:4)
  A basilisk skeleton (Crypt:1)
  4 iguanas
  26 orc wizards
  A hell rat (Lair:2)
  3 spriggan simulacra
  3 troll simulacra (IceCv)
  A polar bear simulacrum (IceCv)
  A killer bee zombie (D:9)
  A wolf simulacrum (IceCv)
  An ogre zombie (Ossuary)
  An acid dragon skeleton (Crypt:2)
  A hound zombie (D:5)
  A deep dwarf skeleton (Crypt:2)
  33 mummies
  8 gnolls
  15 adders
  2 naga simulacra (IceCv)
  A shadow imp (D:8)
  4 white imps
  5 ufetubi (IceCv)
  An adder skeleton (D:4)
  3 adder zombies (Ossuary)
  A halfling skeleton (Crypt:2)
  2 worms
  A barachi zombie (Crypt:2)
  7 dart slugs
  86 orcs
  9 endoplasms
  3 giant cockroaches
  5 goblins
  3 hobgoblins
  3 jackals (D:1)
  17 kobolds
  7 quokkas
  8 ball pythons
  5 bats
  2 dart slug zombies (Crypt:2)
  2 frilled lizards
  A gnoll zombie (Ossuary)
  4 goblin zombies (Ossuary)
  2 hobgoblin zombies (Ossuary)
  3 kobold zombies (Ossuary)
  6 quokka zombies
  6 rats
  7 rat zombies (Ossuary)
  8 butterflies (Vaults:4)
  A creeping inferno (Zot:2)
  A fire vortex (Zot:2)
  A starspawn tentacle (Abyss:3)
2805 creatures vanquished.

Vanquished Creatures (collateral kills)
  2 pandemonium lords
  A caustic shrike (Zig:15)
  A tentacled monstrosity (Zig:18)
  A titan (Vaults:5)
  A death cob (Zot:4)
  A tengu reaver (Vaults:5)
  2 shadow dragons
  A storm dragon (Zot:2)
  2 fire giants
  A deep elf sorcerer (Vaults:5)
  A ghoul (Zig:18)
  5 very ugly things
  A yellow draconian (Zot:2)
  A black draconian (Zot:1)
  A bunyip (Zig:18)
  4 purple draconians
  A white draconian (Zot:4)
  A deep elf annihilator (Elf:3)
  A deep elf death mage (Zig:4)
  A fire dragon (Swamp:4)
  A deep elf high priest (Vaults:5)
  A hydra (Zig:18)
  A centaur warrior (D:13)
  An alligator (Swamp:4)
  2 death yaks
  A fenstrider witch skeleton (Crypt:1)
  A vampire mage (Depths:3)
  A hell knight (Crypt:3)
  A deep elf knight (Elf:2)
  A spriggan druid (Zig:18)
  4 skeletal warriors
  A goliath frog (Zig:18)
  An orb spider (Spider:1)
  A wizard (D:15)
  2 deep elf archers (Elf:1)
  A necromancer (Crypt:3)
  A swamp dragon (Zig:18)
  A deep elf zephyrmancer (Elf:1)
  An orc sorcerer (Orc:2)
  An ugly thing (Zig:17)
  A moth of wrath (Zot:4)
  A vault sentinel (Vaults:5)
  An apocalypse crab (Zig:17)
  A rime drake (Lair:4)
  5 yaktaurs
  2 hornets (Zig:18)
  A wyvern (Zig:15)
  A redback (Spider:4)
  2 water moccasins (Zig:15)
  An ogre (Orc:2)
  An orc priest (Orc:2)
  An orc wizard (Orc:1)
  5 orcs
  3 kobolds (D:8)
81 creatures vanquished.

Vanquished Creatures (others)
  A dread lich (Vaults:5)
  2 Killer Klowns (Zig:17)
  A fire giant (Depths:1)
  An azure jelly (shapeshifter) (Zig:17)
  A draconian knight (Zot:1)
  2 ghost moths
  A war gargoyle (Vaults:5)
  An eidolon (Crypt:1)
  A shambling mangrove (Zig:18)
  A deep elf knight (Elf:2)
  A death drake (Zig:19)
  A wizard (Vaults:4)
  A deep elf pyromancer (Elf:3)
  An ugly thing (Zig:17)
  An apocalypse crab (Zig:12)
  An ancient zyme (Abyss:3)
  A hornet (Zig:19)
  2 bloated husks
  A jumping spider (Spider:1)
  A shadow (Abyss:3)
  A golden eye (shapeshifter) (Zig:17)
  2 chaos spawn
  A centaur (D:13)
  A large abomination (Abyss:3)
  A small abomination (Abyss:3)
  An orc wizard (Orc:2)
  An ufetubus (Abyss:3)
  A bush (Lair:3)
  A creeping inferno (Zot:2)
  A fire vortex (Zot:2)
  37 foxfires
  41 fungi
  51 plants
  13 starspawn tentacles (Abyss:3)
  2 withered plants (Elf:1)
178 creatures vanquished.

Grand Total: 3064 creatures vanquished

Notes
Turn   | Place    | Note
-------+----------+-------------------------------------------
     0 | D:1      | frimble the Demonspawn Warper began the quest for the Orb.
     0 | D:1      | Reached XP level 1. HP: 16/16 MP: 3/3
    77 | D:1      | Reached skill level 1 in Throwing
   102 | D:1      | Reached skill level 1 in Armour
   114 | D:1      | Gained mutation: You have large cloven feet. [demonic
                  | ancestry]
   114 | D:1      | Reached XP level 2. HP: 22/22 MP: 5/5
   487 | D:1      | Learned a level 2 spell: Blink
   506 | D:1      | Gained mutation: You regenerate a little health from kills.
                  | [demonic ancestry]
   506 | D:1      | Reached XP level 3. HP: 21/27 MP: 6/6
   665 | D:1      | You fall into a shaft and drop 1 floor!
  1703 | D:2      | Gained mutation: You have a somewhat thin skeletal
                  | structure. (Dex +2, Stealth+) [demonic ancestry]
  1703 | D:2      | Reached XP level 4. HP: 34/34 MP: 7/7
  2308 | D:3      | Noticed an ogre
  2530 | D:3      | Identified the +6 dagger of Beicezeo {protect, Will+}
  2838 | D:4      | Noticed Ijyb
  2853 | D:4      | Killed Ijyb
  2864 | D:4      | Found a sand-covered staircase.
  2881 | Ossuary  | Entered an ossuary
  2891 | Ossuary  | Gained mutation: You have hoof-like feet. [demonic
                  | ancestry]
  2891 | Ossuary  | Reached XP level 5. HP: 37/39 MP: 8/8
  2973 | Ossuary  | Reached skill level 1 in Evocations
  3020 | Ossuary  | Noticed Menkaure
  3030 | Ossuary  | Killed Menkaure
  3031 | Ossuary  | Reached XP level 6. HP: 25/46 MP: 9/9
  3440 | Ossuary  | Learned a level 6 spell: Statue Form
  3495 | D:4      | Reached XP level 7. HP: 35/51 MP: 10/10
  3826 | D:4      | Reached skill level 5 in Translocations
  4747 | D:5      | Entered Level 5 of the Dungeon
  4975 | D:5      | Gained mutation: A weak demonic guardian rushes to your
                  | aid. [demonic ancestry]
  4975 | D:5      | Reached XP level 8. HP: 57/57 MP: 11/11
  5059 | D:5      | Reached skill level 5 in Short Blades
  5059 | D:5      | Reached skill level 1 in Stealth
  5282 | D:6      | Found a staircase to the Ecumenical Temple.
  5314 | D:6      | Noticed Grinder
  5319 | D:6      | Killed Grinder
  5372 | Temple   | Entered the Ecumenical Temple
  5503 | Temple   | Became a worshipper of Cheibriados the Contemplative
  5740 | D:6      | Reached XP level 9. HP: 62/62 MP: 12/12
  5748 | D:6      | Reached * piety under Cheibriados
  5819 | D:6      | Noticed Maggie
  5835 | D:6      | Killed Maggie
  5887 | D:6      | Noticed Sigmund
  5895 | D:6      | Killed Sigmund
  5912 | D:6      | Reached skill level 5 in Stealth
  5925 | D:6      | Noticed Prince Ribbit
  6014 | D:6      | Reached skill level 5 in Throwing
  6046 | D:6      | Noticed Blork the orc
  6057 | D:6      | Killed Blork the orc
  6084 | D:6      | Killed Prince Ribbit
  6268 | D:7      | Noticed Dowan
  6271 | D:7      | Noticed Duvessa
  6285 | D:7      | Killed Duvessa
  6290 | D:7      | Killed Dowan
  6574 | D:7      | Reached skill level 1 in Invocations
  6984 | D:8      | Noticed a two-headed ogre
  6988 | D:8      | Killed a two-headed ogre
  6989 | D:8      | Reached skill level 3 in Fighting
  6989 | D:8      | Gained mutation: You have a moderately thin skeletal
                  | structure. (Dex +4, Stealth++) [demonic ancestry]
  6989 | D:8      | Reached XP level 10. HP: 70/70 MP: 13/13
  7189 | D:8      | Found Cefuumpu's Fire Supplies.
  7194 | D:8      | Reached ** piety under Cheibriados
  7299 | D:8      | Noticed avis's ghost (novice HOMo)
  7306 | D:8      | Found a staircase to the Lair.
  7309 | D:8      | Found a transporter.
  7383 | D:8      | Reached skill level 4 in Fighting
  7535 | D:8      | Found a blossoming altar of Fedhas.
  7545 | D:8      | Noticed Joseph
  7549 | D:8      | Killed Joseph
  7650 | D:8      | Found a transporter.
  7656 | D:8      | Noticed Grum
  7661 | D:8      | Noticed Harold
  7919 | D:8      | Killed Grum
  8205 | D:9      | Reached skill level 5 in Invocations
  8325 | D:9      | Found a staircase to the Orcish Mines.
  8330 | D:9      | Learned a level 3 spell: Frozen Ramparts
  8660 | D:9      | Reached *** piety under Cheibriados
  8746 | D:10     | Entered Level 10 of the Dungeon
  8785 | D:10     | Found an ornate altar of the Wu Jian Council.
  8786 | D:10     | Found a stormy altar of Qazlal.
  8903 | D:10     | Reached skill level 5 in Fighting
  8999 | D:10     | Noticed Erica
  9001 | D:10     | Killed Erica
  9002 | D:10     | Reached skill level 1 in Ice Magic
  9130 | D:10     | Noticed Gastronok
  9172 | D:10     | Killed Gastronok
  9173 | D:10     | Reached XP level 11. HP: 22/81 MP: 12/15
  9889 | D:10     | Found a sacrificial altar of Ru.
  9939 | D:11     | Reached skill level 6 in Fighting
 10010 | D:11     | Reached **** piety under Cheibriados
 10745 | D:12     | Noticed a boulder beetle
 10763 | D:12     | Killed a boulder beetle
 11017 | D:12     | Noticed a deep elf pyromancer
 11029 | D:12     | Killed a deep elf pyromancer
 11127 | D:12     | Noticed Erolcha
 11152 | D:12     | Killed Erolcha
 11153 | D:12     | Reached skill level 7 in Fighting
 11314 | D:12     | Gained mutation: You have hooves in place of feet. [demonic
                  | ancestry]
 11314 | D:12     | Reached XP level 12. HP: 91/91 MP: 18/18
 11602 | D:8      | Killed Harold
 12007 | D:8      | Found a radiant altar of Vehumet.
 12093 | D:8      | Killed avis's ghost
 12127 | Lair:1   | Entered Level 1 of the Lair of Beasts
 12366 | Lair:1   | Reached skill level 5 in Ice Magic
 12436 | Lair:1   | Reached ***** piety under Cheibriados
 12925 | Lair:2   | Reached skill level 10 in Short Blades
 13203 | Lair:2   | Found a hole to the Spider Nest.
 13209 | Lair:2   | Reached skill level 1 in Transmutations
 13307 | Lair:2   | Found a transporter.
 13310 | Lair:2   | Noticed a seven-headed hydra
 13312 | Lair:2   | Found a transporter.
 13312 | Lair:2   | Noticed Reubyar's ghost (journeyman MiBe)
 13351 | Lair:2   | Reached skill level 1 in Earth Magic
 13391 | Lair:2   | Noticed a five-headed hydra
 13396 | Lair:2   | Killed a five-headed hydra
 13397 | Lair:2   | Reached skill level 8 in Fighting
 13426 | Lair:2   | Noticed a four-headed hydra
 13433 | Lair:2   | Killed a four-headed hydra
 13982 | Lair:3   | Noticed a death yak
 13982 | Lair:3   | Noticed a death yak
 13997 | Lair:3   | Killed a death yak
 13998 | Lair:3   | Reached skill level 10 in Invocations
 14014 | Lair:3   | Killed a death yak
 14085 | Lair:3   | Noticed a death yak
 14093 | Lair:3   | Noticed a death yak
 14095 | Lair:3   | Noticed a death yak
 14102 | Lair:3   | Killed a death yak
 14119 | Lair:3   | Killed a death yak
 14137 | Lair:3   | Killed a death yak
 14208 | Lair:3   | Noticed a death yak
 14219 | Lair:3   | Killed a death yak
 14220 | Lair:3   | Reached XP level 13. HP: 78/99 MP: 20/20
 14374 | Lair:3   | Reached skill level 10 in Stealth
 14495 | Lair:3   | Identified the +1 scale mail of Chimes {-Tele Harm Stlth+}
 14957 | Lair:3   | Found a staircase to the Swamp.
 15137 | Lair:3   | Reached skill level 9 in Fighting
 15166 | Lair:3   | Reached ****** piety under Cheibriados
 15270 | Lair:4   | Found a frozen archway.
 15289 | IceCv    | Entered an ice cave
 15329 | IceCv    | Reached skill level 5 in Dodging
 15329 | IceCv    | Reached skill level 5 in Spellcasting
 15746 | IceCv    | Noticed a reaper
 15764 | IceCv    | Killed a reaper
 16161 | Lair:4   | Reached skill level 5 in Earth Magic
 16217 | Lair:4   | Gained mutation: You regenerate health from kills. [demonic
                  | ancestry]
 16217 | Lair:4   | Reached XP level 14. HP: 85/108 MP: 22/22
 16232 | Lair:4   | Reached skill level 5 in Transmutations
 16447 | Lair:4   | Noticed Nergalle
 16460 | Lair:4   | Killed Nergalle
 17110 | Lair:5   | Noticed Sonja
 17112 | Lair:5   | Killed Sonja
 17157 | Lair:5   | Noticed Rupert
 17175 | Lair:5   | Reached skill level 10 in Fighting
 17315 | Lair:6   | Entered Level 6 of the Lair of Beasts
 18230 | Lair:6   | Reached skill level 11 in Fighting
 18511 | Lair:6   | Identified the +0 robe of Midwinter {Will++ Str-3 Dex+8}
 18584 | Lair:6   | Found a corrupted altar of Lugonu.
 18584 | Lair:6   | Found a one-way gate to the infinite horrors of the Abyss.
 18604 | Lair:6   | Identified the +0 chain mail "Porchaoz" {rF+}
 18715 | Lair:6   | Found a staircase to the Slime Pits.
 18716 | Lair:6   | Found a viscous altar of Jiyva.
 18788 | Lair:5   | Reached XP level 15. HP: 119/119 MP: 24/24
 18821 | Lair:5   | Killed Rupert
 19571 | Lair:2   | Killed Reubyar's ghost
 19716 | D:13     | Reached skill level 12 in Fighting
 19770 | D:13     | Found a gate leading to a gauntlet.
 19779 | Gauntlet | Entered a Gauntlet
 19779 | Gauntlet | Found a transporter.
 19779 | Gauntlet | Found a transporter.
 19783 | Gauntlet | Found a transporter.
 19785 | Gauntlet | Found a transporter.
 19790 | Gauntlet | Found a transporter.
 19809 | Gauntlet | Found a transporter.
 19819 | Gauntlet | Found a transporter.
 19822 | Gauntlet | Found a transporter.
 19843 | Gauntlet | Found a transporter.
 19852 | Gauntlet | Found a transporter.
 19866 | Gauntlet | Found a transporter.
 19889 | Gauntlet | Found a transporter.
 19925 | Gauntlet | Found a transporter.
 19941 | Gauntlet | Found a transporter.
 20043 | Gauntlet | Found a transporter.
 20057 | Gauntlet | Found a transporter.
 20411 | Gauntlet | Identified the amulet of Secrets {Spirit Fly rN+ Str+4
                  | Dex+4}
 20471 | Gauntlet | Identified the +10 spear "Yrila" {antimagic, rElec rPois
                  | rN+ Str+2}
 20471 | Gauntlet | Identified the ring "Jemonk" {rF+ rCorr Int+6}
 20712 | D:13     | Found a gate to the Vaults.
 20746 | D:13     | Reached skill level 1 in Long Blades
 21805 | D:14     | Reached skill level 10 in Earth Magic
 21997 | D:14     | Reached skill level 5 in Long Blades
 22029 | D:14     | Reached XP level 16. HP: 129/129 MP: 13/25
 22204 | D:14     | Found a runed translucent door.
 22209 | D:14     | Noticed HallandMoats's ghost (journeyman DsFi)
 22568 | D:14     | Killed HallandMoats's ghost
 22631 | D:15     | Entered Level 15 of the Dungeon
 22638 | D:15     | Learned a level 5 spell: Irradiate
 22710 | D:15     | Reached skill level 1 in Conjurations
 23314 | D:15     | Found Ahaffes's Book Emporium.
 23413 | D:15     | Found a staircase to the Depths.
 23625 | Orc:1    | Entered Level 1 of the Orcish Mines
 23814 | Orc:2    | Entered Level 2 of the Orcish Mines
 24379 | Orc:2    | Reached skill level 5 in Conjurations
 24395 | Orc:2    | Noticed Urug
 24406 | Orc:2    | Killed Urug
 24430 | Orc:2    | Found Rugum's Book Boutique.
 24483 | Orc:2    | Found Pathigia's Antique Armour Boutique.
 24751 | Orc:2    | Found Kiclecw's General Store.
 24757 | Orc:2    | Bought a scroll of enchant armour for 97 gold pieces
 24878 | Orc:2    | Found a staircase to the Elven Halls.
 24919 | Orc:2    | Found Ablill's Antique Weapon Boutique.
 25072 | Elf:1    | Entered Level 1 of the Elven Halls
 25124 | Elf:1    | Found Ceokats's Armour Boutique.
 25132 | Elf:1    | Bought a +2 buckler for 231 gold pieces
 25185 | Elf:1    | Reached skill level 1 in Shields
 25379 | Elf:1    | Identified the +1 hand axe of Goopeec {elec, Dex+4}
 25628 | Elf:1    | Found a runed translucent door.
 25629 | Elf:1    | Noticed Wicel's ghost (adept MiBe)
 25652 | Elf:1    | Reached skill level 10 in Transmutations
 25656 | Elf:1    | Gained mutation: You regenerate a lot of health from kills.
                  | [demonic ancestry]
 25656 | Elf:1    | Reached XP level 17. HP: 135/135 MP: 3/26
 25772 | Elf:1    | Found Luifyp's Weapon Boutique.
 25789 | Elf:1    | Noticed Agnes
 25799 | Elf:1    | Killed Agnes
 25881 | Elf:1    | Found Izaix's Book Boutique.
 25986 | Elf:1    | Reached skill level 10 in Long Blades
 26234 | Elf:1    | Found Byatav's General Store.
 26381 | Elf:1    | Found Qontota's Weapon Shop.
 26511 | Elf:1    | Got the Catalogue of Creative Conjuration
 26771 | Elf:2    | Found a runed translucent gate.
 26771 | Elf:2    | Found a runed translucent gate.
 26773 | Elf:2    | Found a runed translucent gate.
 26850 | Elf:2    | Found Yrren's General Store.
 26850 | Elf:2    | Paralysed by an air elemental for 1 turns
 26855 | Elf:2    | Paralysed by an air elemental for 1 turns
 26891 | Elf:2    | Bought a scroll of enchant armour for 127 gold pieces
 26985 | Elf:2    | Paralysed by an air elemental for 1 turns
 27437 | Elf:2    | Noticed a deep elf blademaster
 27449 | Elf:2    | Killed a deep elf blademaster
 27656 | Elf:3    | Entered Level 3 of the Elven Halls
 27679 | Elf:3    | Noticed Bai Suzhen
 27689 | Elf:3    | Killed Bai Suzhen
 28252 | Elf:3    | Noticed a deep elf blademaster
 28256 | Elf:3    | Noticed a deep elf master archer
 28258 | Elf:3    | Killed a deep elf blademaster
 28259 | Elf:3    | Reached skill level 5 in Evocations
 28259 | Elf:3    | Reached XP level 18. HP: 130/142 MP: 15/27
 28267 | Elf:3    | Noticed a Tzitzimitl
 28272 | Elf:3    | Reached skill level 5 in Shields
 28272 | Elf:3    | Noticed an Ice Fiend
 28280 | Elf:3    | Identified the amulet "Eroty" {Acrobat rC++ Dex+4}
 28391 | Elf:3    | Noticed a Tzitzimitl
 28442 | Elf:3    | Identified the +6 morningstar of Thoughtfulness {spect,
                  | Str+3}
 28474 | Elf:3    | Identified the +9 shortbow of Annihilation {venom, Contam
                  | Will+ Dex+4}
 28484 | Elf:3    | Identified the +2 leather armour "Vyonow" {rElec}
 28484 | Elf:3    | Identified the amulet "Ceeklac" {Acrobat rPois}
 28504 | Elf:3    | Reached skill level 13 in Fighting
 28658 | Elf:3    | Got the Volume of the Quantum Frostbite
 28661 | Elf:3    | Got the Volume of Shifting Weightlessness
 28933 | Elf:1    | Killed Wicel's ghost
 29168 | Swamp:1  | Entered Level 1 of the Swamp
 29570 | Swamp:1  | You are sucked into a shaft and drop 1 floor!
 30261 | Swamp:2  | Found a runed translucent door.
 30262 | Swamp:2  | Noticed lunkers's ghost (adept MiCA)
 30374 | Swamp:2  | Killed lunkers's ghost
 31210 | Swamp:3  | Learned a level 4 spell: Passage of Golubria
 31242 | Swamp:4  | Entered Level 4 of the Swamp
 31268 | Swamp:4  | Noticed a tentacled monstrosity
 31278 | Swamp:4  | Killed a tentacled monstrosity
 31335 | Swamp:4  | Reached XP level 19. HP: 139/151 MP: 27/31
 31684 | Swamp:4  | Got a decaying rune of Zot
 32193 | Spider:1 | Entered Level 1 of the Spider Nest
 32204 | Spider:1 | You are sucked into a shaft and drop 1 floor!
 32244 | Spider:2 | Reached skill level 14 in Fighting
 32490 | Spider:1 | Noticed Frances
 32509 | Spider:1 | Killed Frances
 33436 | Spider:1 | Noticed Donald
 33446 | Spider:1 | Killed Donald
 33849 | Spider:2 | Found a transporter.
 33849 | Spider:2 | Noticed Urgle's ghost (adept GnFi)
 33850 | Spider:2 | Found a transporter.
 34010 | Spider:2 | Noticed Roxanne
 34024 | Spider:2 | Killed Roxanne
 35014 | Spider:2 | Killed Urgle's ghost
 35316 | Spider:3 | Noticed Aizul
 35326 | Spider:3 | Killed Aizul
 35616 | Spider:3 | Noticed Arachne
 35639 | Spider:3 | Killed Arachne
 35986 | Spider:4 | Entered Level 4 of the Spider Nest
 36059 | Spider:4 | Gained mutation: You punish those that try to bend your
                  | will. (Will+) [demonic ancestry]
 36059 | Spider:4 | Reached XP level 20. HP: 159/159 MP: 0/32
 36432 | Spider:4 | Reached skill level 10 in Evocations
 37169 | Spider:4 | Got a gossamer rune of Zot
 37645 | Vaults:1 | Entered Level 1 of the Vaults
 37695 | Vaults:1 | Reached skill level 10 in Shields
 38150 | Vaults:1 | Reached skill level 15 in Invocations
 39487 | Vaults:2 | Found a staircase to the Crypt.
 39873 | Vaults:2 | Noticed Saint Roka
 39890 | Vaults:2 | Killed Saint Roka
 40096 | Vaults:2 | Gained mutation: A demonic guardian rushes to your aid.
                  | [demonic ancestry]
 40096 | Vaults:2 | Reached XP level 21. HP: 165/165 MP: 25/33
 41429 | Vaults:3 | Cast into level 2 of the Abyss (a wizard)
 41676 | Abyss:3  | Gained mutation: Armour fits poorly on your strangely
                  | shaped body. [a neqoxec]
 41682 | Abyss:3  | Paralysed by accursed screaming for 1 turns
 41979 | Vaults:3 | Escaped the Abyss
 42202 | Vaults:3 | Found Boahaow's Jewellery Shop.
 42695 | Vaults:3 | Found Xetah's General Store.
 42747 | Vaults:3 | Found Bufeba Taiph's Antique Weapon Shop.
 42841 | Vaults:3 | Found Hemariwoec's Armour Shop.
 43000 | Vaults:4 | Reached skill level 15 in Shields
 43209 | Vaults:4 | Noticed Jory
 43218 | Vaults:4 | Killed Jory
 43353 | Vaults:4 | Reached skill level 15 in Fighting
 43473 | Vaults:4 | Gained mutation: You are resistant to unholy torment.
                  | [demonic ancestry]
 43473 | Vaults:4 | Reached XP level 22. HP: 175/175 MP: 35/35
 43738 | Vaults:4 | Found a huge runed gate.
 43738 | Vaults:4 | Found a huge runed gate.
 43738 | Vaults:4 | Found a huge runed gate.
 43738 | Vaults:4 | Found a huge runed gate.
 43738 | Vaults:4 | Found a huge runed gate.
 43739 | Vaults:4 | Found a huge runed gate.
 43739 | Vaults:4 | Found a huge runed gate.
 43739 | Vaults:4 | Found a huge runed gate.
 43739 | Vaults:4 | Found a huge runed gate.
 43739 | Vaults:4 | Found a huge runed gate.
 43743 | Vaults:4 | Found a huge runed gate.
 43743 | Vaults:4 | Found a huge runed gate.
 43800 | Vaults:4 | Found a huge runed gate.
 43804 | Vaults:4 | Found a huge runed gate.
 43806 | Vaults:4 | Found a huge runed gate.
 43807 | Vaults:4 | Found a huge runed gate.
 43816 | Vaults:4 | Found a huge runed gate.
 43816 | Vaults:4 | Found a huge runed gate.
 43816 | Vaults:4 | Found a huge runed gate.
 43816 | Vaults:4 | Found a huge runed gate.
 43816 | Vaults:4 | Found a huge runed gate.
 43816 | Vaults:4 | Found a huge runed gate.
 43817 | Vaults:4 | Found a huge runed gate.
 43818 | Vaults:4 | Found a huge runed gate.
 43819 | Vaults:4 | Found a huge runed gate.
 43827 | Vaults:4 | Found a huge runed gate.
 43827 | Vaults:4 | Found a huge runed gate.
 43827 | Vaults:4 | Found a huge runed gate.
 43827 | Vaults:4 | Found a huge runed gate.
 43827 | Vaults:4 | Found a huge runed gate.
 43827 | Vaults:4 | Found a huge runed gate.
 43828 | Vaults:4 | Found a huge runed gate.
 43829 | Vaults:4 | Found a huge runed gate.
 43830 | Vaults:4 | Found a huge runed gate.
 43838 | Vaults:4 | Found a huge runed gate.
 43838 | Vaults:4 | Found a huge runed gate.
 43884 | Vaults:4 | Reached skill level 16 in Fighting
 44136 | Vaults:4 | Found Fetawarr's Magic Scroll Emporium.
 44143 | Vaults:4 | Bought a scroll of teleportation for 42 gold pieces
 44143 | Vaults:4 | Bought a scroll of immolation for 49 gold pieces
 44143 | Vaults:4 | Bought 3 scrolls of immolation for 147 gold pieces
 44143 | Vaults:4 | Bought a scroll of vulnerability for 105 gold pieces
 44143 | Vaults:4 | Bought a scroll of magic mapping for 49 gold pieces
 44349 | Vaults:4 | Identified the +3 arbalest of Ankes {flame, rC+ Int+2}
 44390 | Vaults:4 | Identified the +6 dagger of the Forest {vorpal, *Noise
                  | Will+ SInv Stlth+}
 44701 | Depths:1 | Entered Level 1 of the Depths
 44839 | Depths:1 | Found a gateway to Hell.
 44868 | Depths:1 | Noticed a juggernaut
 44887 | Depths:1 | Killed a juggernaut
 45063 | Depths:1 | Reached skill level 17 in Fighting
 45270 | Depths:1 | Noticed a golden dragon
 45277 | Depths:1 | Killed a golden dragon
 45394 | Depths:1 | Reached skill level 18 in Fighting
 45983 | Depths:2 | Found a runed translucent gate.
 45983 | Depths:2 | Found a runed translucent gate.
 45983 | Depths:2 | Found a runed translucent gate.
 46119 | Depths:2 | Found Buaneg's Book Boutique.
 46120 | Depths:2 | Found Zeiruniu's Antique Armour Boutique.
 46120 | Depths:2 | Found Itauj's General Store.
 46123 | Depths:2 | Found Qineun's General Store.
 46130 | Depths:2 | Bought a scroll of teleportation for 39 gold pieces
 46133 | Depths:2 | Bought a potion of curing for 36 gold pieces
 46184 | Depths:2 | Bought a book of Annihilations for 1140 gold pieces
 46197 | Depths:2 | Noticed the Enchantress
 46203 | Depths:2 | Killed the Enchantress
 46343 | Depths:2 | Found an iron altar of Okawaru.
 46389 | Depths:2 | Gained mutation: You sometimes lose the ability to read
                  | scrolls when taking damage. [a neqoxec]
 46390 | Depths:2 | Found a one-way gate leading to the halls of Pandemonium.
 46410 | Depths:2 | Reached skill level 19 in Fighting
 46582 | Depths:2 | Got the Catalogue of Creation and Flames
 46684 | Depths:2 | Found a portal to a secret trove of treasure.
 46764 | Depths:2 | Noticed ReploidZero's ghost (adept DjCj)
 46994 | Depths:2 | Killed ReploidZero's ghost
 47064 | Depths:2 | Identified the +2 hat of Exclusion {Rampage rPois Stlth+}
 47069 | Depths:2 | Identified the +1 dagger "Xuudom" {drain, rF+}
 47250 | Depths:3 | Gained mutation: A powerful demonic guardian rushes to your
                  | aid. [demonic ancestry]
 47250 | Depths:3 | Reached XP level 23. HP: 194/194 MP: 31/36
 47295 | Depths:3 | Noticed a caustic shrike
 47315 | Depths:3 | Killed a caustic shrike
 47528 | Depths:3 | Noticed a caustic shrike
 47534 | Depths:3 | Killed a caustic shrike
 47737 | Depths:3 | You are sucked into a shaft and drop 1 floor!
 47737 | Depths:4 | Entered Level 4 of the Depths
 48029 | Depths:4 | Found a one-way gateway to a ziggurat.
 48304 | Depths:4 | Found a gate to the Realm of Zot.
 48653 | Depths:4 | Found an opulent altar of Gozag.
 49097 | Vaults:5 | Entered Level 5 of the Vaults
 49098 | Vaults:5 | Noticed Boris
 49128 | Vaults:5 | Reached skill level 10 in Throwing
 49129 | Vaults:5 | Reached skill level 20 in Fighting
 49138 | Vaults:5 | Killed Boris
 49359 | Vaults:5 | Found the +8 autumn katana {vorpal, manifold assault}
 49473 | Vaults:5 | Identified the +5 falchion "Feach" {freeze, rN++}
 49593 | Vaults:5 | Got the Almanac of Evil Secrets and the Arsonist
 49671 | Vaults:5 | Identified the +6 morningstar of Corruption {antimagic, rF+
                  | Will+ Stlth+}
 49672 | Vaults:5 | Gained mutation: You can hurl damnation. [demonic ancestry]
 49672 | Vaults:5 | Reached XP level 24. HP: 206/206 MP: 31/36
 49888 | Vaults:5 | Found Moustr Bucs's General Store.
 50019 | Vaults:5 | Noticed an ancient lich
 50034 | Vaults:5 | Killed an ancient lich
 50196 | Vaults:5 | Noticed a dread lich
 50206 | Vaults:5 | Killed a dread lich
 50245 | Vaults:5 | Reached skill level 21 in Fighting
 50564 | Vaults:5 | Got a silver rune of Zot
 50916 | Crypt:1  | Entered Level 1 of the Crypt
 51346 | Crypt:1  | Found the +7 great mace "Firestarter" {inner flame, rF++}
 51514 | Crypt:1  | Reached skill level 15 in Earth Magic
 52691 | Crypt:3  | Entered Level 3 of the Crypt
 53001 | Crypt:3  | Reached skill level 22 in Fighting
 53056 | Crypt:3  | Found a staircase to the Tomb.
 53370 | Crypt:3  | Found a basalt altar of Yredelemnul.
 53465 | Crypt:3  | Noticed a dread lich
 53473 | Crypt:3  | Killed a dread lich
 53474 | Crypt:3  | Reached XP level 25. HP: 217/217 MP: 29/36
 53503 | Crypt:3  | Found the +5 scythe "Finisher" {speed, eviscerate}
 53865 | Crypt:2  | Learned a level 8 spell: Ignition
 53868 | Crypt:2  | Learned a level 2 spell: Passwall
 54186 | Zot:1    | Entered Level 1 of the Realm of Zot
 54304 | Zot:1    | Reached skill level 1 in Fire Magic
 54518 | Zot:1    | Noticed a Killer Klown
 54542 | Zot:1    | Reached skill level 5 in Fire Magic
 54545 | Zot:1    | Killed a Killer Klown
 54576 | Zot:1    | Noticed a Killer Klown
 54621 | Zot:1    | Killed a Killer Klown
 55566 | Zot:1    | Identified the ring of the Heavens {Str+6 Int+3 Stlth+}
 55920 | Depths:3 | Identified the +9 long sword of Dethoim {freeze, rC+
                  | Stlth+}
 56135 | Depths:3 | Found the +7 sceptre of Torment {pain, torment}
 56480 | Depths:3 | Learned a level 8 spell: Necromutation
 56531 | Depths:2 | Reached skill level 1 in Necromancy
 56538 | Depths:2 | Gained mutation: You have hidden genetic defects.
                  | [mutagenic glow]
 56559 | Depths:2 | Gained mutation: Your magical capacity is low. (-10% MP)
                  | [mutagenic glow]
 56586 | Depths:2 | You paid a toll of a +7 demon trident to enter a treasure
                  | trove
 56587 | Trove    | Entered a treasure trove
 56589 | Trove    | Identified the ring "Ubbon" {Drain rC+ Int+4 Slay+4}
 56597 | Trove    | Identified the ring of Lust {Wiz Will+ MP+9 Stlth+}
 56603 | Trove    | Identified the ring "Quvi" {+Blink rF+ Will+ Str+2 Dex+3}
 56604 | Trove    | Identified the ring of Tycawnywk {rCorr Dex+2}
 56627 | Trove    | Identified the ring "Rocoo" {MP+9 Str+8 Int-3 SInv}
 56631 | Trove    | Identified the ring "Bora" {rPois MP+9}
 56640 | Trove    | Identified the ring "Xojuudye" {AC+4 Str+4 Dex+4}
 57122 | Zot:2    | You fall into a shaft and drop 2 floors!
 57187 | Zot:3    | Reached skill level 5 in Necromancy
 57734 | Zot:2    | Gained mutation: You are dopey. (Int -2) [hidden defects]
 57782 | Zot:2    | Lost mutation: You are dopey. (Int -2) [potion of mutation]
 57782 | Zot:2    | Lost mutation: Armour fits poorly on your strangely shaped
                  | body. [potion of mutation]
 57782 | Zot:2    | Lost mutation: You have hidden genetic defects. [potion of
                  | mutation]
 57782 | Zot:2    | Gained mutation: Your flesh is cold resistant. (rC+)
                  | [potion of mutation]
 57782 | Zot:2    | Gained mutation: You are strong-willed. (Will+) [potion of
                  | mutation]
 58059 | Zot:2    | Reached skill level 10 in Necromancy
 58447 | Zot:3    | Reached XP level 26. HP: 226/226 MP: 32/32
 59519 | Zot:4    | Reached skill level 15 in Necromancy
 60238 | Zig:1    | Entered Level 1 of a ziggurat
 60260 | Zig:2    | Entered Level 2 of a ziggurat
 60306 | Zig:3    | Entered Level 3 of a ziggurat
 60407 | Zig:4    | Entered Level 4 of a ziggurat
 60430 | Zig:4    | Reached skill level 10 in Fire Magic
 60449 | Zig:4    | Got the Catalogue of Enchantment and Stones
 60453 | Zig:4    | Lost mutation: Your magical capacity is low. (-10% MP)
                  | [potion of mutation]
 60453 | Zig:4    | Lost mutation: You are strong-willed. (Will+) [potion of
                  | mutation]
 60453 | Zig:4    | Lost mutation: Your flesh is cold resistant. (rC+) [potion
                  | of mutation]
 60453 | Zig:4    | Gained mutation: Your flesh is heat resistant. (rF+)
                  | [potion of mutation]
 60453 | Zig:4    | Gained mutation: You are strong-willed. (Will+) [potion of
                  | mutation]
 60454 | Zig:4    | Lost mutation: You sometimes lose the ability to read
                  | scrolls when taking damage. [potion of mutation]
 60454 | Zig:4    | Lost mutation: Your flesh is heat resistant. (rF+) [potion
                  | of mutation]
 60454 | Zig:4    | Lost mutation: You are strong-willed. (Will+) [potion of
                  | mutation]
 60454 | Zig:4    | Gained mutation: You expend magic power (3 MP) to
                  | strengthen your wands. [potion of mutation]
 60454 | Zig:4    | Gained mutation: Your spells are a little harder to cast,
                  | but a little more powerful. [potion of mutation]
 60454 | Zig:4    | Gained mutation: You passively dampen the noise of your
                  | surroundings. [potion of mutation]
 60454 | Zig:4    | Gained mutation: You are strong-willed. (Will+) [potion of
                  | mutation]
 60460 | Zig:5    | Entered Level 5 of a ziggurat
 60494 | Zig:5    | Got the Incunabulum of Ice
 60522 | Zig:6    | Entered Level 6 of a ziggurat
 60530 | Zig:6    | Paralysed by an air elemental for 1 turns
 60561 | Zig:6    | Got the Almanac of Mutagenic Feathers
 60567 | Zig:6    | Got the Papyrus of Creation
 60572 | Zig:7    | Entered Level 7 of a ziggurat
 60578 | Zig:7    | Noticed a royal mummy
 60578 | Zig:7    | Noticed a royal mummy
 60579 | Zig:7    | Noticed a royal mummy
 60590 | Zig:7    | Killed a royal mummy
 60596 | Zig:7    | Killed a royal mummy
 60599 | Zig:7    | Killed a royal mummy
 60627 | Zig:7    | Identified the +2 ring mail of Distant Worlds {Harm rC+
                  | Dex-3}
 60632 | Zig:7    | Got the Collected Works on Evil and the Compass
 60636 | Zig:7    | Gained mutation: You have an unnaturally thin skeletal
                  | structure. (Dex +6, Stealth+++) [demonic ancestry]
 60636 | Zig:7    | Reached XP level 27. HP: 233/233 MP: 36/36
 60658 | Zig:8    | Entered Level 8 of a ziggurat
 60660 | Zig:8    | Noticed Ymuofeoleiwn the pandemonium lord
 60667 | Zig:8    | Killed Ymuofeoleiwn the pandemonium lord
 60708 | Zig:9    | Entered Level 9 of a ziggurat
 60773 | Zig:9    | Identified the +4 chain mail of Elyvilon's Regard {Regen+
                  | Str+2 Stlth+}
 60794 | Zig:9    | Identified the +0 helmet of Zin's Hope {rF- rN+++ Dex-4
                  | Stlth+}
 60853 | Zig:9    | Gained mutation: Your magical capacity is low. (-10% MP)
                  | [mutagenic glow]
 60907 | Zig:10   | Entered Level 10 of a ziggurat
 60939 | Zig:10   | Reached skill level 10 in Spellcasting
 61000 | Zig:10   | Identified the ring of Hoenliwi {rCorr Int+7}
 61118 | Zig:11   | Entered Level 11 of a ziggurat
 61131 | Zig:11   | Reached skill level 5 in Armour
 61167 | Zig:11   | Identified the +1 plate armour of Words of Power {MP+9
                  | Int-5 SInv}
 61173 | Zig:11   | Identified the +4 hunting sling of Painful Death {flame,
                  | rCorr Str+3}
 61178 | Zig:11   | Identified the +8 hunting sling "Biacosix" {flame, Str+3
                  | Int-4 SInv}
 61196 | Zig:12   | Entered Level 12 of a ziggurat
 61204 | Zig:12   | Noticed Geeror the pandemonium lord
 61206 | Zig:12   | Noticed Duuxkeara the pandemonium lord
 61221 | Zig:12   | Killed Geeror the pandemonium lord
 61257 | Zig:12   | Noticed Axeoni the pandemonium lord
 61275 | Zig:13   | Entered Level 13 of a ziggurat
 61411 | Zig:13   | Found the amulet of Vitality {Regen+ HP+15}
 61411 | Zig:13   | Found the ring of the Tortoise {AC+8}
 61455 | Zig:14   | Entered Level 14 of a ziggurat
 61497 | Zig:14   | Identified the ring of the Villain {Str+4 Int+6}
 61525 | Zig:14   | Identified the +7 scythe of Xahit {speed, rElec rPois rF-
                  | Dex+5}
 61528 | Zig:15   | Entered Level 15 of a ziggurat
 61538 | Zig:15   | Reached skill level 10 in Armour
 61591 | Zig:15   | Identified the +1 scale mail of the Stone Wall {rF+}
 61623 | Zig:16   | Entered Level 16 of a ziggurat
 61632 | Zig:16   | Noticed a dread lich
 61633 | Zig:16   | Noticed an ancient lich
 61641 | Zig:16   | Killed an ancient lich
 61642 | Zig:16   | Killed a dread lich
 61661 | Zig:16   | Identified the ring of Yroth {Fly rC+ Str+6}
 61663 | Zig:16   | Identified the +6 arbalest of Deflation {flame, rF+ Int+6}
 61674 | Zig:16   | Identified the ring of the Genius {Ice rPois rN++ Will+
                  | Str-5}
 61680 | Zig:16   | Got Vehumet's Compendium of Battle Magic
 61683 | Zig:16   | Identified the +0 plate armour of Icuz {Str+5}
 61686 | Zig:17   | Entered Level 17 of a ziggurat
 61689 | Zig:17   | Noticed Wyovo the pandemonium lord
 61690 | Zig:17   | Noticed Bueneh the pandemonium lord
 61693 | Zig:17   | Gained mutation: Armour fits poorly on your strangely
                  | shaped body. [a cacodemon]
 61697 | Zig:17   | Noticed Qaenki the pandemonium lord
 61700 | Zig:17   | Killed Wyovo the pandemonium lord
 61701 | Zig:17   | Noticed Popa the pandemonium lord
 61701 | Zig:17   | Noticed Naofim Wath the pandemonium lord
 61707 | Zig:17   | Killed Bueneh the pandemonium lord
 61714 | Zig:17   | Killed Qaenki the pandemonium lord
 61735 | Zig:17   | Killed Naofim Wath the pandemonium lord
 61738 | Zig:17   | Killed Popa the pandemonium lord
 61814 | Zig:17   | Identified the +6 scimitar "Jyutiuvvom" {vorpal, Dex+3
                  | SInv}
 61900 | Zig:18   | Entered Level 18 of a ziggurat
 61922 | Zig:18   | Reached skill level 15 in Fire Magic
 62016 | Zig:19   | Entered Level 19 of a ziggurat
 62060 | Zig:19   | Found the necklace of Bloodlust {*Rage Will++ Int-3 Slay+6}
 62092 | Zig:19   | Identified the +3 dire flail of Sloth {venom, rPois Str+4}
 62095 | Zig:20   | Entered Level 20 of a ziggurat
 62103 | Zig:20   | Noticed a royal mummy
 62109 | Zig:20   | Noticed a royal mummy
 62111 | Zig:20   | Noticed a royal mummy
 62112 | Zig:20   | Noticed a royal mummy
 62116 | Zig:20   | Noticed a royal mummy
 62117 | Zig:20   | Noticed a royal mummy
 62118 | Zig:20   | Noticed a royal mummy
 62119 | Zig:20   | Noticed a royal mummy
 62121 | Zig:20   | Noticed a royal mummy
 62123 | Zig:20   | Noticed a royal mummy
 62123 | Zig:20   | Noticed a royal mummy
 62127 | Zig:20   | Killed a royal mummy
 62127 | Zig:20   | Killed a royal mummy
 62127 | Zig:20   | Killed a royal mummy
 62127 | Zig:20   | Killed a royal mummy
 62128 | Zig:20   | Reached skill level 15 in Transmutations
 62136 | Zig:20   | Killed a royal mummy
 62145 | Zig:20   | Found the ring of Shadows {Umbra +Inv Stlth+}
 62151 | Zig:20   | Killed a royal mummy
 62157 | Zig:20   | HP: 2/233 [poisoned by an emperor scorpion]
 62158 | Zig:20   | Succumbed to an emperor scorpion's poison

Illustrated notes

Levels and vault maps discovered:
D:1:      dpeg_arrival_simpleton_b, layout_basic
D:2:      layout_basic
D:3:      layout_basic, minmay_misc_feat_tower
D:4:      layout_basic, nicolae_ossuary_entry_monument, minmay_circle_x,
          uniq_ijyb
D:5:      layout_gridville, kennysheep_opposing_triangles
D:6:      layout_rooms, mainiacjoe_overflow_alcove_4,
          minmay_temple_entry_glassed_door, minmay_joined_circles, uniq_grinder,
          uniq_blork_the_orc, uniq_maggie, uniq_sigmund, uniq_prince_ribbit1
D:7:      layout_loops_ring, uniq_duvessa
D:8:      layout_loops_cross, mainiacjoe_overflow_six_doors_small,
          mainiacjoe_overflow_alcove_2, lair_entry_dummy,
          gammafunk_ghost_stat_death, nicolae_shop_fire_sale
          [nicolae_sub_dead_trees], uniq_grum, uniq_joseph, uniq_harold
D:9:      layout_stronghold, orc_0_dummy
D:10:     layout_irregular_city, mainiacjoe_overflow_divided_tiny,
          general_overflow_altar, uniq_erica, uniq_gastronok
D:11:     layout_basic
D:12:     layout_long_grid, chequers_serial_rivers_micro_b, uniq_erolcha
D:13:     layout_layer_cave, lightli_vaults_fourway_checkpoint,
          gauntlet_entry_generic, st_stairs_4
D:14:     layout_rooms, ebering_ghost_reflecting_pool, minivault_15,
          onia_ninara_dug_in_and_dangerous
D:15:     grunt_enter_depths_magical_seal, layout_cave_pools, serial_shops,
          nicolae_shop_crystal, tso_metal_star, amethyst_killhole
Temple:   eino_temple_rhombus
Lair:1:   layout_loops_ring, st_stairs_13, grunt_megastairs_5,
          lemuel_fruit_fields
Lair:2:   layout_concentric_octagons, spider_nest_entry_webs,
          gammafunk_ghost_arena
Lair:3:   nzn_winding_woodlands_large [nzn_winding_woodlands_5x5_cross,
          nzn_winding_woodlands_5x15_eye, nzn_winding_woodlands_5x5_perimeter,
          nzn_winding_woodlands_center_pierced_h,
          nzn_winding_woodlands_15x15_eel_pit,
          nzn_winding_woodlands_center_diamonds,
          nzn_winding_woodlands_5x5_default, nzn_winding_woodlands_5x15_parted,
          nzn_winding_woodlands_5x5_open_star], layout_small_grid, swamp_mist
Lair:4:   layout_regular_city, portal_ice_cave_entry_pillars_1,
          lemuel_fruit_fields, grunt_megastairs_3, lemuel_fruit_tree,
          serial_bayou_shore_a, uniq_nergalle
Lair:5:   layout_regular_city, uniq_sonja, uniq_rupert
Lair:6:   hellmonk_lair_end_abyssal_woods, layout_cave_pods, slime_altar_1,
          st_stairs_8
Swamp:1:  layout_falls_marsh, evilmike_swamp_ruin_rubble_2,
          infiniplex_staircase_pool
Swamp:2:  layout_falls_marsh, ebering_ghost_inner_flame,
          hangedman_swamp_ruin_wall
Swamp:3:  layout_falls_marsh, evilmike_swamp_ruin_house_3, lightli_tree_ring
Swamp:4:  swamp_alternative, layout_basic_swamp, nicolae_swamp_trees_clearing,
          swamp_pool4, infiniplex_staircase_pool_2
Spider:1: layout_chambers, uniq_donald, uniq_frances
Spider:2: layout_chambers, gammafunk_ghost_arena, uniq_roxanne
Spider:3: layout_spider_delve, uniq_aizul, uniq_arachne
Spider:4: guppyfry_spider_rune
Orc:1:    layout_caves
Orc:2:    grunt_orc_cross, layout_diamond_mine, basic_altar, uniq_urug
Elf:1:    minmay_the_grid_triangle_9x9_recursive_2
          [minmay_the_grid_triangle_9x9_prize_top_heavy,
          minmay_the_grid_triangle_9x9_swiss_cheese,
          minmay_the_grid_triangle_9x9_limited_checkers,
          minmay_the_grid_triangle_9x9_longest], layout_onion_city,
          gammafunk_ghost_grave, serial_shops, shop, shop,
          nicolae_shop_bloodbath_and_beyond, shop, shop, minmay_elf_sorcery,
          uniq_agnes
Elf:2:    nicolae_elf_blades_splatter_lattice
          [nicolae_blade_entry_floor_patterns], layout_geoelf_octagon,
          serial_shops, nicolae_square_shop, lemuel_elevator
Elf:3:    minmay_elf_hall_dome, layout_loops_ring, minmay_misc_feat_cross,
          uniq_bai_suzhen
Vaults:1: v_misc_17, v_rooms_4, v_alt_pattern_4, vaults_mumra_hexcomb,
          hangedman_vaults_stitches, nicolae_vaults_three_branches, st_cells,
          layout_vaults_chaotic_city
Vaults:2: vaults_dpeg_encased_lava, v_misc_17, v_misc_13, v_misc_13,
          minmay_crypt_entry_simple_corners, ontoclasm_vaults_spin,
          dpeg_vaults_monster_row, nicolae_vaults_little_squares_4,
          serial_ice_g, layout_vaults_quadrants, uniq_saint_roka
Vaults:3: hangedman_vaults_corner, v_misc_24,
          nicolae_vaults_stairing_the_circle, nicolae_vaults_border_crossing,
          hangedman_vaults_stagger, v_misc_11, v_misc_29,
          hangedman_vaults_hard_town_square, vaults_room_pool,
          nicolae_vaults_hallways_thing, layout_vaults_maze_bifur, serial_shops,
          nicolae_shop_trees
Vaults:4: v_rooms_4, hangedman_vaults_corner_blocks, v_misc_24, v_misc_24,
          ontoclasm_vaults_pinch, not_door_vault_mu, v_misc_19, v_misc_10,
          grunt_vaults_diagonal, v_rooms_4, ontoclasm_vaults_chip,
          nicolae_vaults_triangles, hangedman_vaults_variations,
          nicolae_vaults_ring_of_whatevers, nicolae_vaults_theta,
          vaults_dpeg_cross, layout_vaults_omnibox, serial_shops,
          shop_fountains, uniq_jory
Vaults:5: serial_shops, uniq_boris
Crypt:1:  layout_misc_corridors
Crypt:2:  layout_gridlike
Crypt:3:  cryptofortress_bobbens
Depths:1: layout_basic, hell_entry, nicolae_cairo_tiling, elyvilon_altar_1
Depths:2: minmay_cut_squares, layout_gridville, rand_demon_pan_entry_7,
          nicolae_trove_entry_path_of_doom, okawaru_gym_becter,
          gammafunk_ghost_tricky_traps, abyss_entry, hell_entry,
          minmay_shoptagon, uniq_enchantress
Depths:3: minmay_chopped_fan, layout_cave_pools, hellmouth_1, abyss_entry,
          rand_demon_pan_entry_3, dk_noncrumbling_4
Depths:4: grunt_x_marks_the_spot, layout_honeycomb, enter_ziggurat_e,
          serial_sigils, serial_sigils_hangedman_leer,
          serial_sigils_hangedman_snap, serial_sigils_hangedman_stare,
          serial_sigils_hangedman_gut, grunt_gozag_breadcrumbs, hell_entry,
          hangedman_abyss_entry_splay, drop_trap
Zot:1:    grunt_zot_stairs_faceoff, layout_cathedral_of_symmetry
Zot:2:    layout_twisted_circle, hangedman_hellfire_club, grunt_megastairs_4
Zot:3:    layout_cellular_growth
Zot:4:    kennysheep_blocky_room, layout_onion_interference
Zig:20

Skill      XL: |  1  2  3  4  5  6  7  8  9 10 11 12 13 14 15 16 17 18 19 20 21 22 23 24 25 26 27 |
---------------+----------------------------------------------------------------------------------+-----
Throwing       | 1 4 5 6 12 14 | 14.3
Armour         | 1 14 | 14.3
Short Blades   | 2 3 4 6 7 8 9 10 | 10.0
Dodging        | 2 3 5 7 8 |  8.2
Translocations | 3 4 5 |  5.2
Evocations     | 2 3 4 5 7 9 10 | 10.0
Stealth        | 4 6 7 8 9 10 11 | 11.0
Invocations    | 2 6 8 10 11 12 13 16 18 19 | 19.0
Fighting       | 3 5 7 8 9 11 12 13 14 15 19 20 22 | 22.5
Ice Magic      | 2 4 5 |  5.0
Transmutations | 2 4 7 9 10 11 12 15 | 15.3
Earth Magic    | 2 5 7 10 11 13 16 | 16.1
Spellcasting   | 3 5 6 8 9 10 | 10.0
Long Blades    | 5 9 12 | 12.6
Conjurations   | 6 |  6.0
Shields        | 4 6 8 12 15 | 15.0
Fire Magic     | 9 11 16 | 16.6
Necromancy     | 11 16 | 16.2

Action                   |  1- 3 |  4- 6 |  7- 9 | 10-12 | 13-15 | 16-18 | 19-21 | 22-24 | 25-27 || total
-------------------------+-------+-------+-------+-------+-------+-------+-------+-------+-------++-------
Melee: Short sword       |   122 |    22 |       |       |       |       |       |       |       ||   144
       Kick              |    12 |    40 |    63 |   279 |   751 |   681 |   813 |   839 |   726 ||  4204
       Dagger            |       |   151 |   216 |   496 |  1096 |   914 |       |       |       ||  2873
       Scimitar          |       |       |       |       |       |   237 |  1431 |   938 |       ||  2606
       Katana            |       |       |       |       |       |       |       |   542 |  1527 ||  2069
Throw: Boomerang         |     5 |       |       |       |       |       |       |     6 |    40 ||    51
       Dart              |       |       |    10 |    34 |    36 |    68 |    26 |       |       ||   174
       Throwing net      |       |       |       |       |     2 |       |       |       |     1 ||     3
       Javelin           |       |       |       |       |       |       |       |       |     4 ||     4
 Cast: Blink             |     1 |     1 |     1 |     5 |    27 |     4 |     7 |     3 |    11 ||    60
       Statue Form       |       |       |       |       |    26 |    66 |    84 |    54 |    39 ||   269
       Irradiate         |       |       |       |       |       |     4 |     4 |    16 |    23 ||    47
       Frozen Ramparts   |       |       |       |       |       |     2 |       |       |       ||     2
       Necromutation     |       |       |       |       |       |       |       |       |    12 ||    12
       Ignition          |       |       |       |       |       |       |       |       |    16 ||    16
       Passage of Golubr |       |       |       |       |       |       |       |       |     1 ||     1
Invok: Slouch            |       |       |       |     2 |     5 |    17 |    11 |     5 |    12 ||    52
       Temporal Distorti |       |       |       |       |     1 |     3 |       |       |     3 ||     7
       Step From Time    |       |       |       |       |       |       |       |       |     5 ||     5
 Abil: End Transformatio |       |       |       |       |       |     1 |       |       |     4 ||     5
Evoke: Wand              |       |    18 |     6 |     6 |     9 |     4 |     1 |       |     5 ||    49
       Box of beasts     |       |       |       |     1 |     3 |     2 |       |       |     1 ||     7
       Condenser vane    |       |       |       |       |       |     3 |     3 |     4 |     7 ||    17
       Phantom mirror    |       |       |       |       |       |       |     1 |       |     1 ||     2
       Tin of tremorston |       |       |       |       |       |       |       |       |     7 ||     7
  Use: Scroll            |     3 |     7 |       |    12 |     7 |     7 |     4 |    10 |    23 ||    73
       Potion            |     2 |       |       |     1 |     1 |       |       |     4 |    20 ||    28
 Stab: Sleeping          |     1 |    15 |    15 |    37 |    38 |    21 |    19 |    30 |    24 ||   200
       Distracted        |       |     1 |       |     4 |     4 |    12 |     8 |    10 |    10 ||    49
       Paralysed         |       |       |     2 |       |       |       |       |       |       ||     2
       Held in net/web   |       |       |       |       |     1 |       |       |       |       ||     1
       Petrified         |       |       |       |       |       |     1 |       |       |       ||     1
       Confused          |       |       |       |       |       |     1 |     3 |       |       ||     4
Armor: Leather armour    |    30 |    49 |    34 |       |       |       |       |       |       ||   113
       Steam dragon scal |       |       |    12 |   191 |   159 |    21 |       |       |       ||   383
       Skin              |       |       |       |       |   378 |   552 |   785 |   470 |   378 ||  2563
       Troll leather arm |       |       |       |       |       |    36 |    93 |    40 |   138 ||   307
       Chain mail        |       |       |       |       |       |       |       |       |   162 ||   162
Dodge: Dodged            |    85 |    79 |    71 |   223 |   988 |  1016 |  1957 |  1039 |  1126 ||  6584
Block: Buckler           |       |       |       |       |       |   335 |   883 |       |       ||  1218
       Kite shield       |       |       |       |       |       |       |   464 |  1538 |  1459 ||  3461
       Reflection        |       |       |       |       |       |       |     9 |    30 |    26 ||    65

Table legend: (Time is in decaauts)
 A = Elapsed time spent in this place.
 B = Non-inter-level travel time spent in this place.
 C = Inter-level travel time spent in this place.
 D = Time resting spent in this place.
 E = Time spent auto-exploring this place.
 F = Levels seen in this place.
 G = Mean time per level.
                   A        B        C        D        E       F      G
               +--------+--------+--------+--------+--------+-----+--------+
         Total | 100371 |  92520 |   7851 |   1425 |  68998 |  77 | 1303.5 |
       Dungeon |  20615 |  18189 |   2426 |    519 |  14480 |  15 | 1374.3 |
        Temple |    151 |    131 |     20 |      0 |    113 |   1 |  151.0 |
          Lair |  11572 |  10688 |    884 |     58 |   8619 |   6 | 1928.7 |
         Swamp |   5500 |   5225 |    275 |      0 |   3972 |   4 | 1375.0 |
   Spider Nest |   9390 |   8940 |    450 |      0 |   6952 |   4 | 2347.5 |
  Orcish Mines |   2612 |   2390 |    222 |      0 |   1697 |   2 | 1306.0 |
   Elven Halls |   7034 |   6555 |    479 |      0 |   4671 |   3 | 2344.7 |
        Vaults |  14735 |  13180 |   1555 |    179 |  10082 |   5 | 2947.0 |
         Crypt |   5167 |   4864 |    303 |      0 |   3837 |   3 | 1722.3 |
        Depths |   8556 |   7771 |    785 |      0 |   6088 |   4 | 2139.0 |
           Zot |   8431 |   7983 |    448 |      2 |   6369 |   4 | 2107.8 |
         Abyss |    964 |    964 |      0 |      0 |    595 |   2 |  482.0 |
      Ziggurat |   2666 |   2666 |      0 |    507 |    204 |  20 |  133.3 |
         Trove |     90 |     90 |      0 |      0 |      4 |   1 |   90.0 |
       Ossuary |    558 |    558 |      0 |      0 |    363 |   1 |  558.0 |
      Ice Cave |    948 |    948 |      0 |    159 |    241 |   1 |  948.0 |
      Gauntlet |   1374 |   1374 |      0 |      0 |    707 |   1 | 1374.0 |
               +--------+--------+--------+--------+--------+-----+--------+

Top non-repeatable levels by time:
Vaults:2: 3168 daAuts
Vaults:3: 3035 daAuts
Vaults:1: 2967 daAuts
   Elf:1: 2888 daAuts
   Zot:1: 2858 daAuts
Vaults:5: 2848 daAuts
Vaults:4: 2714 daAuts
Spider:2: 2618 daAuts
Spider:1: 2599 daAuts
Depths:2: 2484 daAuts
    D:13: 2425 daAuts
Spider:4: 2411 daAuts
  Lair:3: 2381 daAuts
  Lair:6: 2351 daAuts
   Zot:2: 2271 daAuts
